Workbook
Name Orders: #REF!
Name People: #REF!
Name Returns: #REF!
Name Slicer_Country_Region: #N/A
Name Timeline_Ship_Date: #N/A

Sheet Biznes Göstəriciləri(Pivot)
A3: məhsul kateqoriyasına görə satışlar | B3: Sum of Sales | D3: Ən çox satış edən Top 10 şəhər | E3: Sum of Sales | G3: Regionlar üzrə satışlar | H3: Sum of Sales | J3: Müştəri seqmentinə görə satışlar | K3: Sum of Sales | M3: Ən çox satılan 10 məhsul | N3: Sum of Sales | P3: İllərə görə satış məbləği | Q3: Sum of Sales | S3: İllərə görə satış məbləği artım faizi (Başlanğıc 2023) | T3: Sum of Sales
A4: Technology | B4: 842456.96 | D4: New York City | E4: 256368.16 | G4: West | H4: 739879.8 | J4: Consumer | K4: 1174198.7 | M4: Canon imageCLASS 2200 Advanced Copier | N4: 61599.824 | P4: 2026 | Q4: 748376.03 | S4: 2026 | T4: 0.2177322
A5: Furniture | B5: 755651.31 | D5: Los Angeles | E5: 175865.36 | G5: East | H5: 692793.99 | J5: Corporate | K5: 715862.91 | M5: Fellowes PB500 Electric Punch Plastic Comb Binding Machine with Manual Bind | N5: 27453.384 | P5: 2025 | Q5: 614565.36 | S5: 2025 | T5: 0.24380138
A6: Office Supplies | B6: 732021.79 | D6: Seattle | E6: 119550.16 | G6: Central | H6: 505650.63 | J6: Home Office | K6: 440068.43 | M6: Cisco TelePresence System EX90 Videoconferencing Unit | N6: 22638.48 | P6: 2023 | Q6: 494102.49 | S6: 2023 | T6: 0.044423875
A7: Grand Total | B7: 2330130.1 | D7: San Francisco | E7: 112711.85 | G7: South | H7: 391805.63 | J7: Grand Total | K7: 2330130.1 | M7: HON 5400 Series Task Chairs for Big and Tall | N7: 21870.576 | P7: 2024 | Q7: 473086.17 | S7: 2024
D8: Philadelphia | E8: 109077.01 | G8: Grand Total | H8: 2330130.1 | M8: GBC DocuBind TL300 Electric Binding System | N8: 19823.479 | P8: Grand Total | Q8: 2330130.1 | S8: Grand Total
D9: Houston | E9: 64504.76 | M9: GBC Ibimaster 500 Manual ProClick Binding System | N9: 19024.5
D10: Chicago | E10: 48539.541 | M10: Hewlett Packard LaserJet 3310 Copier | N10: 18839.686
D11: San Diego | E11: 47521.029 | M11: HP Designjet T520 Inkjet Large Format Printer - 24" Color | N11: 18374.895
D12: Jacksonville | E12: 44713.183 | M12: GBC DocuBind P400 Electric Binding System | N12: 17965.068
D13: Springfield | E13: 43054.342 | M13: High Speed Automatic Electric Letter Opener | N13: 17030.312
D14: Grand Total | E14: 1021905.4 | M14: Grand Total | N14: 244620.2
A19: məhsul kateqoriyasına görə Profit | B19: Sum of Profit | D19: Ən çox Profit-i olan Top 10 şəhər | E19: Sum of Profit | G19: Regionlar üzrə Profit | H19: Sum of Profit | J19: Müştəri seqmentinə görə Profit | K19: Sum of Profit | M19: Ən çox sifariş sayı olan 10 məhsul | N19: Count of Order ID | P19: İllərə görə profit | Q19: Sum of Profit | S19: İllərə görə profit artım faizi (Başlanğıc 2023) | T19: Sum of Profit
A20: Technology | B20: 147310.81 | D20: New York City | E20: 62036.984 | G20: West | H20: 110815.31 | J20: Consumer | K20: 137357.33 | M20: Staples | N20: 50 | P20: 2026 | Q20: 96734.672 | S20: 2026 | T20: 0.16821417
A21: Office Supplies | B21: 126069.21 | D21: Los Angeles | E21: 30445.663 | G21: East | H21: 95101.242 | J21: Corporate | K21: 94265.663 | M21: Staple envelope | N21: 48 | P21: 2025 | Q21: 82805.598 | S21: 2025 | T21: 0.33460803
A22: Furniture | B22: 19918.705 | D22: Seattle | E22: 29156.568 | G22: South | H22: 46772.872 | J22: Home Office | K22: 61675.728 | M22: Easy-staple paper | N22: 46 | P22: 2024 | Q22: 62044.882 | S22: 2024 | T22: 0.19977958
A23: Grand Total | B23: 293298.72 | D23: San Francisco | E23: 17518.503 | G23: Central | H23: 40609.295 | J23: Grand Total | K23: 293298.72 | M23: KI Adjustable-Height Table | N23: 20 | P23: 2023 | Q23: 51713.567 | S23: 2023
D24: Detroit | E24: 13181.791 | G24: Grand Total | H24: 293298.72 | M24: Avery Non-Stick Binders | N24: 20 | P24: Grand Total | Q24: 293298.72 | S24: Grand Total
D25: Lafayette | E25: 10018.388 | M25: Staples in misc. colors | N25: 19
D26: Jackson | E26: 7581.6828 | M26: Staple remover | N26: 18
D27: Atlanta | E27: 6993.6629 | M27: Storex Dura Pro Binders | N27: 17
D28: Minneapolis | E28: 6824.5846 | M28: Staple-based wall hangings | N28: 16
D29: San Diego | E29: 6377.196 | M29: Logitech 910-002974 M325 Wireless Mouse for Web Scrolling | N29: 15
D30: Grand Total | E30: 190135.02 | M30: Grand Total | N30: 269
P32: İllərə görə sifariş sayı | Q32: Count of Order ID | S32: İllərə görə sifariş sayı artım faizi (Başlanğıc 2023) | T32: Count of Order ID
P33: 2026 | Q33: 3383 | S33: 2026 | T33: 0.28387097
P34: 2025 | Q34: 2635 | S34: 2025 | T34: 0.23592871
P35: 2024 | Q35: 2132 | S35: 2024 | T35: 0.038986355
P36: 2023 | Q36: 2052 | S36: 2023
P37: Grand Total | Q37: 10202 | S37: Grand Total

Sheet Superstore Sales Dashboard
B2: Total Sales | D2: Total Quantity | F2: Average Sales | H2: Total Orders
B3: =SUM(Orders!U:U) -> 2330130.1 | D3: =SUM(Orders!V:V) -> 38680 | F3: =AVERAGE(Orders!U:U) -> 228.39934 | H3: =COUNTA(Orders!B:B) -> 10203

Sheet Orders
A1: Row ID | B1: Order ID | C1: Order Date | D1: Ship Date | E1: Ship Mode | F1: Customer ID | G1: Customer Name | H1: Segment | I1: Country/Region | J1: City | K1: State/Province | L1: Postal Code | M1: Region | N1: Regional Manager | O1: Product ID | P1: Supplier | Q1: Target Margin | R1: Category | S1: Sub-Category | T1: Product Name | U1: Sales | V1: Quantity | W1: Discount | X1: Profit
A2: 1 | B2: US-2023-103800 | C2: 44929 | D2: 44933 | E2: Standard Class | F2: DP-13000 | G2: Darren Powers | H2: Consumer | I2: United States | J2: Houston | K2: Texas | L2: 77095 | M2: Central | N2: =_xlfn.XLOOKUP($M:$M,People!$B:$B,People!A:A) -> Roxanne Rodriguez | O2: OFF-PA-10000174 | P2: =VLOOKUP(O2,Products!$A:$E,3,FALSE) -> Staples | Q2: =INDEX(Products!$E:$E,MATCH(O2,Products!$A:$A,0)) -> 0.25 | R2: Office Supplies | S2: Paper | T2: Message Book, Wirebound, Four 5 1/2" X 4" Forms/Pg., 200 Dupl. Sets/Book | U2: 16.448 | V2: 2 | W2: 0.2 | X2: 5.5512
A3: 2 | B3: US-2023-112326 | C3: 44930 | D3: 44934 | E3: Standard Class | F3: PO-19195 | G3: Phillina Ober | H3: Home Office | I3: United States | J3: Naperville | K3: Illinois | L3: 60540 | M3: Central | N3: =_xlfn.XLOOKUP($M:$M,People!$B:$B,People!A:A) -> Roxanne Rodriguez | O3: OFF-BI-10004094 | P3: =VLOOKUP(O3,Products!$A:$E,3,FALSE) -> Office Depot | Q3: =INDEX(Products!$E:$E,MATCH(O3,Products!$A:$A,0)) -> 0.26 | R3: Office Supplies | S3: Binders | T3: GBC Standard Plastic Binding Systems Combs | U3: 3.54 | V3: 2 | W3: 0.8 | X3: -5.487
A4: 3 | B4: US-2023-112326 | C4: 44930 | D4: 44934 | E4: Standard Class | F4: PO-19195 | G4: Phillina Ober | H4: Home Office | I4: United States | J4: Naperville | K4: Illinois | L4: 60540 | M4: Central | N4: =_xlfn.XLOOKUP($M:$M,People!$B:$B,People!A:A) -> Roxanne Rodriguez | O4: OFF-LA-10003223 | P4: =VLOOKUP(O4,Products!$A:$E,3,FALSE) -> HP | Q4: =INDEX(Products!$E:$E,MATCH(O4,Products!$A:$A,0)) -> 0.27 | R4: Office Supplies | S4: Labels | T4: Avery 508 | U4: 11.784 | V4: 3 | W4: 0.2 | X4: 4.2717
A5: 4 | B5: US-2023-112326 | C5: 44930 | D5: 44934 | E5: Standard Class | F5: PO-19195 | G5: Phillina Ober | H5: Home Office | I5: United States | J5: Naperville | K5: Illinois | L5: 60540 | M5: Central | N5: =_xlfn.XLOOKUP($M:$M,People!$B:$B,People!A:A) -> Roxanne Rodriguez | O5: OFF-ST-10002743 | P5: =VLOOKUP(O5,Products!$A:$E,3,FALSE) -> Canon | Q5: =INDEX(Products!$E:$E,MATCH(O5,Products!$A:$A,0)) -> 0.28 | R5: Office Supplies | S5: Storage | T5: SAFCO Boltless Steel Shelving | U5: 272.736 | V5: 3 | W5: 0.2 | X5: -64.7748
A6: 5 | B6: US-2023-141817 | C6: 44931 | D6: 44938 | E6: Standard Class | F6: MB-18085 | G6: Mick Brown | H6: Consumer | I6: United States | J6: Philadelphia | K6: Pennsylvania | L6: 19143 | M6: East | N6: =_xlfn.XLOOKUP($M:$M,People!$B:$B,People!A:A) -> Chuck Magee | O6: OFF-AR-10003478 | P6: =VLOOKUP(O6,Products!$A:$E,3,FALSE) -> Logitech | Q6: =INDEX(Products!$E:$E,MATCH(O6,Products!$A:$A,0)) -> 0.29 | R6: Office Supplies | S6: Art | T6: Avery Hi-Liter EverBold Pen Style Fluorescent Highlighters, 4/Pack | U6: 19.536 | V6: 3 | W6: 0.2 | X6: 4.884
A7: 6 | B7: US-2023-167199 | C7: 44932 | D7: 44936 | E7: Standard Class | F7: ME-17320 | G7: Maria Etezadi | H7: Home Office | I7: United States | J7: Henderson | K7: Kentucky | L7: 42420 | M7: South | N7: =_xlfn.XLOOKUP($M:$M,People!$B:$B,People!A:A) -> Fred Suzuki | O7: FUR-CH-10004063 | P7: =VLOOKUP(O7,Products!$A:$E,3,FALSE) -> 3M | Q7: =INDEX(Products!$E:$E,MATCH(O7,Products!$A:$A,0)) -> 0.3 | R7: Furniture | S7: Chairs | T7: Global Deluxe High-Back Manager's Chair | U7: 2573.82 | V7: 9 | W7: 0 | X7: 746.4078
A8: 7 | B8: US-2023-167199 | C8: 44932 | D8: 44936 | E8: Standard Class | F8: ME-17320 | G8: Maria Etezadi | H8: Home Office | I8: United States | J8: Henderson | K8: Kentucky | L8: 42420 | M8: South | N8: =_xlfn.XLOOKUP($M:$M,People!$B:$B,People!A:A) -> Fred Suzuki | O8: OFF-AR-10001662 | P8: =VLOOKUP(O8,Products!$A:$E,3,FALSE) -> Avery | Q8: =INDEX(Products!$E:$E,MATCH(O8,Products!$A:$A,0)) -> 0.31 | R8: Office Supplies | S8: Art | T8: Rogers Handheld Barrel Pencil Sharpener | U8: 5.48 | V8: 2 | W8: 0 | X8: 1.4796
A9: 8 | B9: US-2023-106054 | C9: 44932 | D9: 44933 | E9: First Class | F9: JO-15145 | G9: Jack O'Briant | H9: Corporate | I9: United States | J9: Athens | K9: Georgia | L9: 30605 | M9: South | N9: =_xlfn.XLOOKUP($M:$M,People!$B:$B,People!A:A) -> Fred Suzuki | O9: OFF-AR-10002399 | P9: =VLOOKUP(O9,Products!$A:$E,3,FALSE) -> IKEA | Q9: =INDEX(Products!$E:$E,MATCH(O9,Products!$A:$A,0)) -> 0.32 | R9: Office Supplies | S9: Art | T9: Dixon Prang Watercolor Pencils, 10-Color Set with Brush | U9: 12.78 | V9: 3 | W9: 0 | X9: 5.2398
A10: 9 | B10: US-2023-167199 | C10: 44932 | D10: 44936 | E10: Standard Class | F10: ME-17320 | G10: Maria Etezadi | H10: Home Office | I10: United States | J10: Henderson | K10: Kentucky | L10: 42420 | M10: South | N10: =_xlfn.XLOOKUP($M:$M,People!$B:$B,People!A:A) -> Fred Suzuki | O10: OFF-BI-10004632 | P10: =VLOOKUP(O10,Products!$A:$E,3,FALSE) -> Samsung | Q10: =INDEX(Products!$E:$E,MATCH(O10,Products!$A:$A,0)) -> 0.33 | R10: Office Supplies | S10: Binders | T10: Ibico Hi-Tech Manual Binding System | U10: 609.98 | V10: 2 | W10: 0 | X10: 274.491
A11: 10 | B11: US-2023-167199 | C11: 44932 | D11: 44936 | E11: Standard Class | F11: ME-17320 | G11: Maria Etezadi | H11: Home Office | I11: United States | J11: Henderson | K11: Kentucky | L11: 42420 | M11: South | N11: =_xlfn.XLOOKUP($M:$M,People!$B:$B,People!A:A) -> Fred Suzuki | O11: OFF-FA-10001883 | P11: =VLOOKUP(O11,Products!$A:$E,3,FALSE) -> Dell | Q11: =INDEX(Products!$E:$E,MATCH(O11,Products!$A:$A,0)) -> 0.34 | R11: Office Supplies | S11: Fasteners | T11: Alliance Super-Size Bands, Assorted Sizes | U11: 31.12 | V11: 4 | W11: 0 | X11: 0.3112
A12: 11 | B12: US-2023-167199 | C12: 44932 | D12: 44936 | E12: Standard Class | F12: ME-17320 | G12: Maria Etezadi | H12: Home Office | I12: United States | J12: Henderson | K12: Kentucky | L12: 42420 | M12: South | N12: =_xlfn.XLOOKUP($M:$M,People!$B:$B,People!A:A) -> Fred Suzuki | O12: OFF-PA-10000955 | P12: =VLOOKUP(O12,Products!$A:$E,3,FALSE) -> Staples | Q12: =INDEX(Products!$E:$E,MATCH(O12,Products!$A:$A,0)) -> 0.35 | R12: Office Supplies | S12: Paper | T12: Southworth 25% Cotton Granite Paper & Envelopes | U12: 6.54 | V12: 1 | W12: 0 | X12: 3.0084
A13: 12 | B13: US-2023-130813 | C13: 44932 | D13: 44934 | E13: Second Class | F13: LS-17230 | G13: Lycoris Saunders | H13: Consumer | I13: United States | J13: Los Angeles | K13: California | L13: 90049 | M13: West | N13: =_xlfn.XLOOKUP($M:$M,People!$B:$B,People!A:A) -> Sadie Pawthorne | O13: OFF-PA-10002005 | P13: =VLOOKUP(O13,Products!$A:$E,3,FALSE) -> Office Depot | Q13: =INDEX(Products!$E:$E,MATCH(O13,Products!$A:$A,0)) -> 0.36 | R13: Office Supplies | S13: Paper | T13: Xerox 225 | U13: 19.44 | V13: 3 | W13: 0 | X13: 9.3312
... A62: 61 | B62: US-2023-110422 | C62: 44947 | D62: 44949 | E62: Second Class | F62: TB-21400 | G62: Tom Boeckenhauer | H62: Consumer | I62: United States | J62: Miami | K62: Florida | L62: 33180 | M62: South | N62: =_xlfn.XLOOKUP($M:$M,People!$B:$B,People!A:A) -> Fred Suzuki | O62: FUR-FU-10001889 | P62: =VLOOKUP(O62,Products!$A:$E,3,FALSE) -> Dell | Q62: =INDEX(Products!$E:$E,MATCH(O62,Products!$A:$A,0)) -> 0.36 | R62: Furniture | S62: Furnishings | T62: Ultra Door Pull Handle | U62: 25.248 | V62: 3 | W62: 0.2 | X62: 4.1028
A63: 62 | B63: CA-2023-115238 | C63: 44947 | D63: 44950 | E63: Standard Class | F63: JW-15220 | G63: Jane Waco | H63: Corporate | I63: Canada | J63: Toronto | K63: Ontario | L63: M7A | M63: East | N63: =_xlfn.XLOOKUP($M:$M,People!$B:$B,People!A:A) -> Chuck Magee | O63: FUR-FU-10001025 | P63: =VLOOKUP(O63,Products!$A:$E,3,FALSE) -> Staples | Q63: =INDEX(Products!$E:$E,MATCH(O63,Products!$A:$A,0)) -> 0.37 | R63: Furniture | S63: Furnishings | T63: Eldon Imàge Series Desk Accessories, Clear | U63: 24.3 | V63: 5 | W63: 0 | X63: 10.45
A64: 63 | B64: CA-2023-115238 | C64: 44947 | D64: 44950 | E64: Standard Class | F64: JW-15220 | G64: Jane Waco | H64: Corporate | I64: Canada | J64: Toronto | K64: Ontario | L64: M7A | M64: East | N64: =_xlfn.XLOOKUP($M:$M,People!$B:$B,People!A:A) -> Chuck Magee | O64: FUR-FU-10002445 | P64: =VLOOKUP(O64,Products!$A:$E,3,FALSE) -> Office Depot | Q64: =INDEX(Products!$E:$E,MATCH(O64,Products!$A:$A,0)) -> 0.38 | R64: Furniture | S64: Furnishings | T64: DAX Two-Tone Rosewood/Black Document Frame, Desktop, 5 x 7 | U64: 9.48 | V64: 1 | W64: 0 | X64: 3.79
A65: 64 | B65: CA-2023-115238 | C65: 44947 | D65: 44950 | E65: Standard Class | F65: JW-15220 | G65: Jane Waco | H65: Corporate | I65: Canada | J65: Toronto | K65: Ontario | L65: M7A | M65: East | N65: =_xlfn.XLOOKUP($M:$M,People!$B:$B,People!A:A) -> Chuck Magee | O65: FUR-FU-10002960 | P65: =VLOOKUP(O65,Products!$A:$E,3,FALSE) -> HP | Q65: =INDEX(Products!$E:$E,MATCH(O65,Products!$A:$A,0)) -> 0.39 | R65: Furniture | S65: Furnishings | T65: Eldon 200 Class Desk Accessories, Burgundy | U65: 31.4 | V65: 5 | W65: 0 | X65: 13.19
A66: 65 | B66: CA-2023-115238 | C66: 44947 | D66: 44950 | E66: Standard Class | F66: JW-15220 | G66: Jane Waco | H66: Corporate | I66: Canada | J66: Toronto | K66: Ontario | L66: M7A | M66: East | N66: =_xlfn.XLOOKUP($M:$M,People!$B:$B,People!A:A) -> Chuck Magee | O66: OFF-PA-10002689 | P66: =VLOOKUP(O66,Products!$A:$E,3,FALSE) -> Canon | Q66: =INDEX(Products!$E:$E,MATCH(O66,Products!$A:$A,0)) -> 0.4 | R66: Office Supplies | S66: Paper | T66: Weyerhaeuser First Choice Laser/Copy Paper (20Lb. and 88 Bright) | U66: 6.48 | V66: 1 | W66: 0 | X66: 3.11
A67: 66 | B67: CA-2023-115238 | C67: 44947 | D67: 44950 | E67: Standard Class | F67: JW-15220 | G67: Jane Waco | H67: Corporate | I67: Canada | J67: Toronto | K67: Ontario | L67: M7A | M67: East | N67: =_xlfn.XLOOKUP($M:$M,People!$B:$B,People!A:A) -> Chuck Magee | O67: TEC-PH-10001300 | P67: =VLOOKUP(O67,Products!$A:$E,3,FALSE) -> Logitech | Q67: =INDEX(Products!$E:$E,MATCH(O67,Products!$A:$A,0)) -> 0.25 | R67: Technology | S67: Phones | T67: iKross Bluetooth Portable Keyboard + Cell Phone Stand Holder + Brush for Apple iPhone 5S 5C 5, 4S 4 | U67: 209.5 | V67: 10 | W67: 0 | X67: 58.66
A68: 67 | B68: US-2023-146997 | C68: 44949 | D68: 44953 | E68: Standard Class | F68: SG-20605 | G68: Speros Goranitis | H68: Consumer | I68: United States | J68: Lafayette | K68: Indiana | L68: 47905 | M68: Central | N68: =_xlfn.XLOOKUP($M:$M,People!$B:$B,People!A:A) -> Roxanne Rodriguez | O68: OFF-FA-10003467 | P68: =VLOOKUP(O68,Products!$A:$E,3,FALSE) -> 3M | Q68: =INDEX(Products!$E:$E,MATCH(O68,Products!$A:$A,0)) -> 0.26 | R68: Office Supplies | S68: Fasteners | T68: Alliance Big Bands Rubber Bands, 12/Pack | U68: 5.94 | V68: 3 | W68: 0 | X68: 0
A69: 68 | B69: US-2023-102645 | C69: 44949 | D69: 44954 | E69: Standard Class | F69: IM-15055 | G69: Ionia McGrath | H69: Consumer | I69: United States | J69: Las Vegas | K69: Nevada | L69: 89115 | M69: West | N69: =_xlfn.XLOOKUP($M:$M,People!$B:$B,People!A:A) -> Sadie Pawthorne | O69: OFF-PA-10001804 | P69: =VLOOKUP(O69,Products!$A:$E,3,FALSE) -> Avery | Q69: =INDEX(Products!$E:$E,MATCH(O69,Products!$A:$A,0)) -> 0.27 | R69: Office Supplies | S69: Paper | T69: Xerox 195 | U69: 40.08 | V69: 6 | W69: 0 | X69: 19.2384
A70: 69 | B70: US-2023-167997 | C70: 44952 | D70: 44955 | E70: First Class | F70: CA-11965 | G70: Carol Adams | H70: Corporate | I70: United States | J70: Rapid City | K70: South Dakota | L70: 57701 | M70: Central | N70: =_xlfn.XLOOKUP($M:$M,People!$B:$B,People!A:A) -> Roxanne Rodriguez | O70: FUR-BO-10004409 | P70: =VLOOKUP(O70,Products!$A:$E,3,FALSE) -> IKEA | Q70: =INDEX(Products!$E:$E,MATCH(O70,Products!$A:$A,0)) -> 0.28 | R70: Furniture | S70: Bookcases | T70: Safco Value Mate Series Steel Bookcases, Baked Enamel Finish on Steel, Gray | U70: 141.96 | V70: 2 | W70: 0 | X70: 39.7488
A71: 70 | B71: US-2023-155502 | C71: 44952 | D71: 44957 | E71: Standard Class | F71: SD-20485 | G71: Shirley Daniels | H71: Home Office | I71: United States | J71: Alexandria | K71: Virginia | L71: 22304 | M71: South | N71: =_xlfn.XLOOKUP($M:$M,People!$B:$B,People!A:A) -> Fred Suzuki | O71: FUR-FU-10001847 | P71: =VLOOKUP(O71,Products!$A:$E,3,FALSE) -> Samsung | Q71: =INDEX(Products!$E:$E,MATCH(O71,Products!$A:$A,0)) -> 0.29 | R71: Furniture | S71: Furnishings | T71: Eldon Image Series Black Desk Accessories | U71: 12.42 | V71: 3 | W71: 0 | X71: 4.4712
A72: 71 | B72: US-2023-155502 | C72: 44952 | D72: 44957 | E72: Standard Class | F72: SD-20485 | G72: Shirley Daniels | H72: Home Office | I72: United States | J72: Alexandria | K72: Virginia | L72: 22304 | M72: South | N72: =_xlfn.XLOOKUP($M:$M,People!$B:$B,People!A:A) -> Fred Suzuki | O72: FUR-FU-10004587 | P72: =VLOOKUP(O72,Products!$A:$E,3,FALSE) -> Dell | Q72: =INDEX(Products!$E:$E,MATCH(O72,Products!$A:$A,0)) -> 0.3 | R72: Furniture | S72: Furnishings | T72: GE General Use Halogen Bulbs, 100 Watts, 1 Bulb per Pack | U72: 62.82 | V72: 3 | W72: 0 | X72: 30.7818
A73: 72 | B73: US-2023-167997 | C73: 44952 | D73: 44955 | E73: First Class | F73: CA-11965 | G73: Carol Adams | H73: Corporate | I73: United States | J73: Rapid City | K73: South Dakota | L73: 57701 | M73: Central | N73: =_xlfn.XLOOKUP($M:$M,People!$B:$B,People!A:A) -> Roxanne Rodriguez | O73: OFF-BI-10001758 | P73: =VLOOKUP(O73,Products!$A:$E,3,FALSE) -> Staples | Q73: =INDEX(Products!$E:$E,MATCH(O73,Products!$A:$A,0)) -> 0.31 | R73: Office Supplies | S73: Binders | T73: Wilson Jones 14 Line Acrylic Coated Pressboard Data Binders | U73: 10.68 | V73: 2 | W73: 0 | X73: 5.0196
A74: 73 | B74: US-2023-155502 | C74: 44952 | D74: 44957 | E74: Standard Class | F74: SD-20485 | G74: Shirley Daniels | H74: Home Office | I74: United States | J74: Alexandria | K74: Virginia | L74: 22304 | M74: South | N74: =_xlfn.XLOOKUP($M:$M,People!$B:$B,People!A:A) -> Fred Suzuki | O74: OFF-PA-10000380 | P74: =VLOOKUP(O74,Products!$A:$E,3,FALSE) -> Office Depot | Q74: =INDEX(Products!$E:$E,MATCH(O74,Products!$A:$A,0)) -> 0.32 | R74: Office Supplies | S74: Paper | T74: REDIFORM Incoming/Outgoing Call Register, 11" X 8 1/2", 100 Messages | U74: 16.68 | V74: 2 | W74: 0 | X74: 8.34
A75: 74 | B75: US-2023-155502 | C75: 44952 | D75: 44957 | E75: Standard Class | F75: SD-20485 | G75: Shirley Daniels | H75: Home Office | I75: United States | J75: Alexandria | K75: Virginia | L75: 22304 | M75: South | N75: =_xlfn.XLOOKUP($M:$M,People!$B:$B,People!A:A) -> Fred Suzuki | O75: OFF-PA-10003072 | P75: =VLOOKUP(O75,Products!$A:$E,3,FALSE) -> HP | Q75: =INDEX(Products!$E:$E,MATCH(O75,Products!$A:$A,0)) -> 0.33 | R75: Office Supplies | S75: Paper | T75: Eureka Recycled Copy Paper 8 1/2" x 11", Ream | U75: 19.44 | V75: 3 | W75: 0 | X75: 9.3312
A76: 75 | B76: US-2023-155502 | C76: 44952 | D76: 44957 | E76: Standard Class | F76: SD-20485 | G76: Shirley Daniels | H76: Home Office | I76: United States | J76: Alexandria | K76: Virginia | L76: 22304 | M76: South | N76: =_xlfn.XLOOKUP($M:$M,People!$B:$B,People!A:A) -> Fred Suzuki | O76: OFF-ST-10004337 | P76: =VLOOKUP(O76,Products!$A:$E,3,FALSE) -> Canon | Q76: =INDEX(Products!$E:$E,MATCH(O76,Products!$A:$A,0)) -> 0.34 | R76: Office Supplies | S76: Storage | T76: SAFCO Commercial Wire Shelving, 72h | U76: 489.92 | V76: 8 | W76: 0 | X76: 0
A77: 76 | B77: US-2023-155502 | C77: 44952 | D77: 44957 | E77: Standard Class | F77: SD-20485 | G77: Shirley Daniels | H77: Home Office | I77: United States | J77: Alexandria | K77: Virginia | L77: 22304 | M77: South | N77: =_xlfn.XLOOKUP($M:$M,People!$B:$B,People!A:A) -> Fred Suzuki | O77: TEC-PH-10002103 | P77: =VLOOKUP(O77,Products!$A:$E,3,FALSE) -> Logitech | Q77: =INDEX(Products!$E:$E,MATCH(O77,Products!$A:$A,0)) -> 0.35 | R77: Technology | S77: Phones | T77: Jabra SPEAK 410 | U77: 187.98 | V77: 2 | W77: 0 | X77: 52.6344
A78: 77 | B78: US-2023-155502 | C78: 44952 | D78: 44957 | E78: Standard Class | F78: SD-20485 | G78: Shirley Daniels | H78: Home Office | I78: United States | J78: Alexandria | K78: Virginia | L78: 22304 | M78: South | N78: =_xlfn.XLOOKUP($M:$M,People!$B:$B,People!A:A) -> Fred Suzuki | O78: TEC-PH-10004833 | P78: =VLOOKUP(O78,Products!$A:$E,3,FALSE) -> 3M | Q78: =INDEX(Products!$E:$E,MATCH(O78,Products!$A:$A,0)) -> 0.36 | R78: Technology | S78: Phones | T78: Macally Suction Cup Mount | U78: 155.35 | V78: 13 | W78: 0 | X78: 0
A79: 78 | B79: US-2023-117163 | C79: 44953 | D79: 44959 | E79: Standard Class | F79: EJ-13720 | G79: Ed Jacobs | H79: Consumer | I79: United States | J79: San Diego | K79: California | L79: 92037 | M79: West | N79: =_xlfn.XLOOKUP($M:$M,People!$B:$B,People!A:A) -> Sadie Pawthorne | O79: FUR-TA-10003469 | P79: =VLOOKUP(O79,Products!$A:$E,3,FALSE) -> Avery | Q79: =INDEX(Products!$E:$E,MATCH(O79,Products!$A:$A,0)) -> 0.37 | R79: Furniture | S79: Tables | T79: Balt Split Level Computer Training Table | U79: 333 | V79: 3 | W79: 0.2 | X79: -16.65
... A180: 179 | B180: US-2023-114790 | C180: 44996 | D180: 44998 | E180: Second Class | F180: FM-14215 | G180: Filia McAdams | H180: Corporate | I180: United States | J180: Richmond | K180: Kentucky | L180: 40475 | M180: South | N180: =_xlfn.XLOOKUP($M:$M,People!$B:$B,People!A:A) -> Fred Suzuki | O180: TEC-PH-10000984 | P180: =VLOOKUP(O180,Products!$A:$E,3,FALSE) -> Logitech | Q180: =INDEX(Products!$E:$E,MATCH(O180,Products!$A:$A,0)) -> 0.29 | R180: Technology | S180: Phones | T180: Panasonic KX-TG9471B | U180: 587.97 | V180: 3 | W180: 0 | X180: 164.6316
A181: 180 | B181: CA-2023-139675 | C181: 44998 | D181: 45003 | E181: Second Class | F181: NF-18595 | G181: Nicole Fjeld | H181: Home Office | I181: Canada | J181: Calgary | K181: Alberta | L181: T2C | M181: West | N181: =_xlfn.XLOOKUP($M:$M,People!$B:$B,People!A:A) -> Sadie Pawthorne | O181: FUR-CH-10004063 | P181: =VLOOKUP(O181,Products!$A:$E,3,FALSE) -> 3M | Q181: =INDEX(Products!$E:$E,MATCH(O181,Products!$A:$A,0)) -> 0.3 | R181: Furniture | S181: Chairs | T181: Global Deluxe High-Back Manager's Chair | U181: 915.14 | V181: 4 | W181: 0.2 | X181: 102.95
A182: 181 | B182: CA-2023-139675 | C182: 44998 | D182: 45003 | E182: Second Class | F182: NF-18595 | G182: Nicole Fjeld | H182: Home Office | I182: Canada | J182: Calgary | K182: Alberta | L182: T2C | M182: West | N182: =_xlfn.XLOOKUP($M:$M,People!$B:$B,People!A:A) -> Sadie Pawthorne | O182: FUR-FU-10001979 | P182: =VLOOKUP(O182,Products!$A:$E,3,FALSE) -> 3M | Q182: =INDEX(Products!$E:$E,MATCH(O182,Products!$A:$A,0)) -> 0.3 | R182: Furniture | S182: Furnishings | T182: Dana Halogen Swing-Arm Architect Lamp | U182: 327.76 | V182: 8 | W182: 0 | X182: 91.77
A183: 182 | B183: US-2023-125521 | C183: 44999 | D183: 45004 | E183: Standard Class | F183: CK-12325 | G183: Christine Kargatis | H183: Home Office | I183: United States | J183: Chesapeake | K183: Virginia | L183: 23320 | M183: South | N183: =_xlfn.XLOOKUP($M:$M,People!$B:$B,People!A:A) -> Fred Suzuki | O183: FUR-CH-10003379 | P183: =VLOOKUP(O183,Products!$A:$E,3,FALSE) -> Avery | Q183: =INDEX(Products!$E:$E,MATCH(O183,Products!$A:$A,0)) -> 0.31 | R183: Furniture | S183: Chairs | T183: Global Commerce Series High-Back Swivel/Tilt Chairs | U183: 1139.92 | V183: 4 | W183: 0 | X183: 284.98
A184: 183 | B184: US-2023-157623 | C184: 44999 | D184: 45003 | E184: Standard Class | F184: DK-13225 | G184: Dean Katz | H184: Corporate | I184: United States | J184: Huntington Beach | K184: California | L184: 92646 | M184: West | N184: =_xlfn.XLOOKUP($M:$M,People!$B:$B,People!A:A) -> Sadie Pawthorne | O184: OFF-AR-10003723 | P184: =VLOOKUP(O184,Products!$A:$E,3,FALSE) -> IKEA | Q184: =INDEX(Products!$E:$E,MATCH(O184,Products!$A:$A,0)) -> 0.32 | R184: Office Supplies | S184: Art | T184: Avery Hi-Liter Fluorescent Desk Style Markers | U184: 3.38 | V184: 1 | W184: 0 | X184: 1.2506
A185: 184 | B185: US-2023-114510 | C185: 44999 | D185: 45004 | E185: Standard Class | F185: JF-15295 | G185: Jason Fortune- | H185: Consumer | I185: United States | J185: Logan | K185: Utah | L185: 84321 | M185: West | N185: =_xlfn.XLOOKUP($M:$M,People!$B:$B,People!A:A) -> Sadie Pawthorne | O185: OFF-BI-10001617 | P185: =VLOOKUP(O185,Products!$A:$E,3,FALSE) -> Logitech | Q185: =INDEX(Products!$E:$E,MATCH(O185,Products!$A:$A,0)) -> 0.25 | R185: Office Supplies | S185: Binders | T185: GBC Wire Binding Combs | U185: 33.088 | V185: 4 | W185: 0.2 | X185: 11.1672
A186: 185 | B186: US-2023-114510 | C186: 44999 | D186: 45004 | E186: Standard Class | F186: JF-15295 | G186: Jason Fortune- | H186: Consumer | I186: United States | J186: Logan | K186: Utah | L186: 84321 | M186: West | N186: =_xlfn.XLOOKUP($M:$M,People!$B:$B,People!A:A) -> Sadie Pawthorne | O186: OFF-BI-10003007 | P186: =VLOOKUP(O186,Products!$A:$E,3,FALSE) -> Samsung | Q186: =INDEX(Products!$E:$E,MATCH(O186,Products!$A:$A,0)) -> 0.33 | R186: Office Supplies | S186: Binders | T186: Premium Transparent Presentation Covers, No Pattern/Clear, 8 1/2" x 11" | U186: 62.048 | V186: 2 | W186: 0.2 | X186: 20.1656
A187: 186 | B187: US-2023-100293 | C187: 44999 | D187: 45003 | E187: Standard Class | F187: NF-18475 | G187: Neil Französisch | H187: Home Office | I187: United States | J187: Jacksonville | K187: Florida | L187: 32216 | M187: South | N187: =_xlfn.XLOOKUP($M:$M,People!$B:$B,People!A:A) -> Fred Suzuki | O187: OFF-PA-10000176 | P187: =VLOOKUP(O187,Products!$A:$E,3,FALSE) -> Dell | Q187: =INDEX(Products!$E:$E,MATCH(O187,Products!$A:$A,0)) -> 0.34 | R187: Office Supplies | S187: Paper | T187: Xerox 1887 | U187: 91.056 | V187: 6 | W187: 0.2 | X187: 31.8696
A188: 187 | B188: US-2023-157623 | C188: 44999 | D188: 45003 | E188: Standard Class | F188: DK-13225 | G188: Dean Katz | H188: Corporate | I188: United States | J188: Huntington Beach | K188: California | L188: 92646 | M188: West | N188: =_xlfn.XLOOKUP($M:$M,People!$B:$B,People!A:A) -> Sadie Pawthorne | O188: OFF-PA-10001204 | P188: =VLOOKUP(O188,Products!$A:$E,3,FALSE) -> Staples | Q188: =INDEX(Products!$E:$E,MATCH(O188,Products!$A:$A,0)) -> 0.25 | R188: Office Supplies | S188: Paper | T188: Xerox 1972 | U188: 10.56 | V188: 2 | W188: 0 | X188: 4.752
A189: 188 | B189: US-2023-152618 | C189: 44999 | D189: 45002 | E189: First Class | F189: RB-19465 | G189: Rick Bensley | H189: Home Office | I189: United States | J189: Chicago | K189: Illinois | L189: 60653 | M189: Central | N189: =_xlfn.XLOOKUP($M:$M,People!$B:$B,People!A:A) -> Roxanne Rodriguez | O189: OFF-PA-10001215 | P189: =VLOOKUP(O189,Products!$A:$E,3,FALSE) -> Staples | Q189: =INDEX(Products!$E:$E,MATCH(O189,Products!$A:$A,0)) -> 0.35 | R189: Office Supplies | S189: Paper | T189: Xerox 1963 | U189: 8.448 | V189: 2 | W189: 0.2 | X189: 2.64
A190: 189 | B190: US-2023-114510 | C190: 44999 | D190: 45004 | E190: Standard Class | F190: JF-15295 | G190: Jason Fortune- | H190: Consumer | I190: United States | J190: Logan | K190: Utah | L190: 84321 | M190: West | N190: =_xlfn.XLOOKUP($M:$M,People!$B:$B,People!A:A) -> Sadie Pawthorne | O190: OFF-ST-10000736 | P190: =VLOOKUP(O190,Products!$A:$E,3,FALSE) -> Office Depot | Q190: =INDEX(Products!$E:$E,MATCH(O190,Products!$A:$A,0)) -> 0.36 | R190: Office Supplies | S190: Storage | T190: Carina Double Wide Media Storage Towers in Natural & Black | U190: 80.98 | V190: 1 | W190: 0 | X190: 3.2392
A191: 190 | B191: US-2023-114510 | C191: 44999 | D191: 45004 | E191: Standard Class | F191: JF-15295 | G191: Jason Fortune- | H191: Consumer | I191: United States | J191: Logan | K191: Utah | L191: 84321 | M191: West | N191: =_xlfn.XLOOKUP($M:$M,People!$B:$B,People!A:A) -> Sadie Pawthorne | O191: OFF-ST-10003221 | P191: =VLOOKUP(O191,Products!$A:$E,3,FALSE) -> HP | Q191: =INDEX(Products!$E:$E,MATCH(O191,Products!$A:$A,0)) -> 0.37 | R191: Office Supplies | S191: Storage | T191: Staple magnet | U191: 21.36 | V191: 2 | W191: 0 | X191: 5.7672
A192: 191 | B192: US-2023-114510 | C192: 44999 | D192: 45004 | E192: Standard Class | F192: JF-15295 | G192: Jason Fortune- | H192: Consumer | I192: United States | J192: Logan | K192: Utah | L192: 84321 | M192: West | N192: =_xlfn.XLOOKUP($M:$M,People!$B:$B,People!A:A) -> Sadie Pawthorne | O192: TEC-AC-10004877 | P192: =VLOOKUP(O192,Products!$A:$E,3,FALSE) -> Canon | Q192: =INDEX(Products!$E:$E,MATCH(O192,Products!$A:$A,0)) -> 0.38 | R192: Technology | S192: Accessories | T192: Imation 30456 USB Flash Drive 8GB | U192: 82.8 | V192: 12 | W192: 0 | X192: 6.624
A193: 192 | B193: US-2023-152618 | C193: 44999 | D193: 45002 | E193: First Class | F193: RB-19465 | G193: Rick Bensley | H193: Home Office | I193: United States | J193: Chicago | K193: Illinois | L193: 60653 | M193: Central | N193: =_xlfn.XLOOKUP($M:$M,People!$B:$B,People!A:A) -> Roxanne Rodriguez | O193: TEC-MA-10003626 | P193: =VLOOKUP(O193,Products!$A:$E,3,FALSE) -> Logitech | Q193: =INDEX(Products!$E:$E,MATCH(O193,Products!$A:$A,0)) -> 0.39 | R193: Technology | S193: Machines | T193: Hewlett-Packard Deskjet 6540 Color Inkjet Printer | U193: 574.91 | V193: 2 | W193: 0.3 | X193: 156.047
A194: 193 | B194: US-2023-149958 | C194: 45000 | D194: 45004 | E194: Standard Class | F194: AS-10240 | G194: Alan Shonely | H194: Consumer | I194: United States | J194: Tampa | K194: Florida | L194: 33614 | M194: South | N194: =_xlfn.XLOOKUP($M:$M,People!$B:$B,People!A:A) -> Fred Suzuki | O194: FUR-FU-10001756 | P194: =VLOOKUP(O194,Products!$A:$E,3,FALSE) -> 3M | Q194: =INDEX(Products!$E:$E,MATCH(O194,Products!$A:$A,0)) -> 0.4 | R194: Furniture | S194: Furnishings | T194: Eldon Expressions Desk Accessory, Wood Photo Frame, Mahogany | U194: 45.696 | V194: 3 | W194: 0.2 | X194: 5.1408
... A450: 449 | B450: US-2023-166086 | C450: 45053 | D450: 45058 | E450: Standard Class | F450: CT-11995 | G450: Carol Triggs | H450: Consumer | I450: United States | J450: Lawrence | K450: Massachusetts | L450: 1841 | M450: East | N450: =_xlfn.XLOOKUP($M:$M,People!$B:$B,People!A:A) -> Chuck Magee | O450: OFF-BI-10001078 | P450: =VLOOKUP(O450,Products!$A:$E,3,FALSE) -> IKEA | Q450: =INDEX(Products!$E:$E,MATCH(O450,Products!$A:$A,0)) -> 0.28 | R450: Office Supplies | S450: Binders | T450: Acco PRESSTEX Data Binder with Storage Hooks, Dark Blue, 14 7/8" X 11" | U450: 16.14 | V450: 3 | W450: 0 | X450: 7.9086
A451: 450 | B451: CA-2023-166086 | C451: 45053 | D451: 45058 | E451: Standard Class | F451: CT-11995 | G451: Carol Triggs | H451: Consumer | I451: Canada | J451: Toronto | K451: Ontario | L451: M3C | M451: East | N451: =_xlfn.XLOOKUP($M:$M,People!$B:$B,People!A:A) -> Chuck Magee | O451: FUR-CH-10004675 | P451: =VLOOKUP(O451,Products!$A:$E,3,FALSE) -> 3M | Q451: =INDEX(Products!$E:$E,MATCH(O451,Products!$A:$A,0)) -> 0.26 | R451: Furniture | S451: Chairs | T451: Lifetime Advantage Folding Chairs, 4/Carton | U451: 872.32 | V451: 4 | W451: 0 | X451: 244.2496
A452: 451 | B452: CA-2023-166086 | C452: 45053 | D452: 45058 | E452: Standard Class | F452: CT-11995 | G452: Carol Triggs | H452: Consumer | I452: Canada | J452: Toronto | K452: Ontario | L452: M3C | M452: East | N452: =_xlfn.XLOOKUP($M:$M,People!$B:$B,People!A:A) -> Chuck Magee | O452: FUR-TA-10003469 | P452: =VLOOKUP(O452,Products!$A:$E,3,FALSE) -> Avery | Q452: =INDEX(Products!$E:$E,MATCH(O452,Products!$A:$A,0)) -> 0.37 | R452: Furniture | S452: Tables | T452: Balt Split Level Computer Training Table | U452: 194.25 | V452: 2 | W452: 0.3 | X452: -38.85
A453: 452 | B453: CA-2023-166086 | C453: 45053 | D453: 45058 | E453: Standard Class | F453: CT-11995 | G453: Carol Triggs | H453: Consumer | I453: Canada | J453: Toronto | K453: Ontario | L453: M3C | M453: East | N453: =_xlfn.XLOOKUP($M:$M,People!$B:$B,People!A:A) -> Chuck Magee | O453: OFF-AR-10002578 | P453: =VLOOKUP(O453,Products!$A:$E,3,FALSE) -> Avery | Q453: =INDEX(Products!$E:$E,MATCH(O453,Products!$A:$A,0)) -> 0.27 | R453: Office Supplies | S453: Art | T453: Newell 335 | U453: 8.64 | V453: 3 | W453: 0 | X453: 2.5056
A454: 453 | B454: CA-2023-166086 | C454: 45053 | D454: 45058 | E454: Standard Class | F454: CT-11995 | G454: Carol Triggs | H454: Consumer | I454: Canada | J454: Toronto | K454: Ontario | L454: M3C | M454: East | N454: =_xlfn.XLOOKUP($M:$M,People!$B:$B,People!A:A) -> Chuck Magee | O454: OFF-BI-10001078 | P454: =VLOOKUP(O454,Products!$A:$E,3,FALSE) -> IKEA | Q454: =INDEX(Products!$E:$E,MATCH(O454,Products!$A:$A,0)) -> 0.28 | R454: Office Supplies | S454: Binders | T454: Acco PRESSTEX Data Binder with Storage Hooks, Dark Blue, 14 7/8" X 11" | U454: 16.14 | V454: 3 | W454: 0 | X454: 7.9086
A455: 454 | B455: US-2023-116666 | C455: 45054 | D455: 45056 | E455: First Class | F455: KT-16480 | G455: Kean Thornton | H455: Consumer | I455: United States | J455: Philadelphia | K455: Pennsylvania | L455: 19134 | M455: East | N455: =_xlfn.XLOOKUP($M:$M,People!$B:$B,People!A:A) -> Chuck Magee | O455: TEC-CO-10001449 | P455: =VLOOKUP(O455,Products!$A:$E,3,FALSE) -> Samsung | Q455: =INDEX(Products!$E:$E,MATCH(O455,Products!$A:$A,0)) -> 0.29 | R455: Technology | S455: Copiers | T455: Hewlett Packard LaserJet 3310 Copier | U455: 1799.97 | V455: 5 | W455: 0.4 | X455: 239.996
A456: 455 | B456: US-2023-158771 | C456: 45055 | D456: 45055 | E456: Same Day | F456: SB-20290 | G456: Sean Braxton | H456: Corporate | I456: United States | J456: Henderson | K456: Kentucky | L456: 42420 | M456: South | N456: =_xlfn.XLOOKUP($M:$M,People!$B:$B,People!A:A) -> Fred Suzuki | O456: OFF-LA-10001641 | P456: =VLOOKUP(O456,Products!$A:$E,3,FALSE) -> HP | Q456: =INDEX(Products!$E:$E,MATCH(O456,Products!$A:$A,0)) -> 0.25 | R456: Office Supplies | S456: Labels | T456: Avery 518 | U456: 9.45 | V456: 3 | W456: 0 | X456: 4.536
A457: 456 | B457: US-2023-158771 | C457: 45055 | D457: 45055 | E457: Same Day | F457: SB-20290 | G457: Sean Braxton | H457: Corporate | I457: United States | J457: Henderson | K457: Kentucky | L457: 42420 | M457: South | N457: =_xlfn.XLOOKUP($M:$M,People!$B:$B,People!A:A) -> Fred Suzuki | O457: OFF-LA-10003121 | P457: =VLOOKUP(O457,Products!$A:$E,3,FALSE) -> Dell | Q457: =INDEX(Products!$E:$E,MATCH(O457,Products!$A:$A,0)) -> 0.3 | R457: Office Supplies | S457: Labels | T457: Avery 506 | U457: 20.65 | V457: 5 | W457: 0 | X457: 9.499
A458: 457 | B458: US-2023-158771 | C458: 45055 | D458: 45055 | E458: Same Day | F458: SB-20290 | G458: Sean Braxton | H458: Corporate | I458: United States | J458: Henderson | K458: Kentucky | L458: 42420 | M458: South | N458: =_xlfn.XLOOKUP($M:$M,People!$B:$B,People!A:A) -> Fred Suzuki | O458: OFF-PA-10002689 | P458: =VLOOKUP(O458,Products!$A:$E,3,FALSE) -> Canon | Q458: =INDEX(Products!$E:$E,MATCH(O458,Products!$A:$A,0)) -> 0.4 | R458: Office Supplies | S458: Paper | T458: Weyerhaeuser First Choice Laser/Copy Paper (20Lb. and 88 Bright) | U458: 45.36 | V458: 7 | W458: 0 | X458: 21.7728
A459: 458 | B459: US-2023-158771 | C459: 45055 | D459: 45055 | E459: Same Day | F459: SB-20290 | G459: Sean Braxton | H459: Corporate | I459: United States | J459: Henderson | K459: Kentucky | L459: 42420 | M459: South | N459: =_xlfn.XLOOKUP($M:$M,People!$B:$B,People!A:A) -> Fred Suzuki | O459: OFF-ST-10000107 | P459: =VLOOKUP(O459,Products!$A:$E,3,FALSE) -> Staples | Q459: =INDEX(Products!$E:$E,MATCH(O459,Products!$A:$A,0)) -> 0.31 | R459: Office Supplies | S459: Storage | T459: Fellowes Super Stor/Drawer | U459: 83.25 | V459: 3 | W459: 0 | X459: 14.985
A460: 459 | B460: US-2023-102071 | C460: 45055 | D460: 45061 | E460: Standard Class | F460: PG-18820 | G460: Patrick Gardner | H460: Consumer | I460: United States | J460: San Francisco | K460: California | L460: 94110 | M460: West | N460: =_xlfn.XLOOKUP($M:$M,People!$B:$B,People!A:A) -> Sadie Pawthorne | O460: TEC-AC-10000109 | P460: =VLOOKUP(O460,Products!$A:$E,3,FALSE) -> Office Depot | Q460: =INDEX(Products!$E:$E,MATCH(O460,Products!$A:$A,0)) -> 0.32 | R460: Technology | S460: Accessories | T460: Sony Micro Vault Click 16 GB USB 2.0 Flash Drive | U460: 167.97 | V460: 3 | W460: 0 | X460: 40.3128
A461: 460 | B461: US-2023-102071 | C461: 45055 | D461: 45061 | E461: Standard Class | F461: PG-18820 | G461: Patrick Gardner | H461: Consumer | I461: United States | J461: San Francisco | K461: California | L461: 94110 | M461: West | N461: =_xlfn.XLOOKUP($M:$M,People!$B:$B,People!A:A) -> Sadie Pawthorne | O461: TEC-AC-10003441 | P461: =VLOOKUP(O461,Products!$A:$E,3,FALSE) -> 3M | Q461: =INDEX(Products!$E:$E,MATCH(O461,Products!$A:$A,0)) -> 0.32 | R461: Technology | S461: Accessories | T461: Kingston Digital DataTraveler 32GB USB 2.0 | U461: 67.8 | V461: 4 | W461: 0 | X461: 4.068
A462: 461 | B462: US-2023-114181 | C462: 45056 | D462: 45060 | E462: Second Class | F462: AF-10885 | G462: Art Foster | H462: Consumer | I462: United States | J462: Philadelphia | K462: Pennsylvania | L462: 19134 | M462: East | N462: =_xlfn.XLOOKUP($M:$M,People!$B:$B,People!A:A) -> Chuck Magee | O462: FUR-BO-10004467 | P462: =VLOOKUP(O462,Products!$A:$E,3,FALSE) -> HP | Q462: =INDEX(Products!$E:$E,MATCH(O462,Products!$A:$A,0)) -> 0.33 | R462: Furniture | S462: Bookcases | T462: Bestar Classic Bookcase | U462: 349.965 | V462: 7 | W462: 0.5 | X462: -216.9783
A463: 462 | B463: US-2023-103310 | C463: 45056 | D463: 45061 | E463: Standard Class | F463: GM-14680 | G463: Greg Matthias | H463: Consumer | I463: United States | J463: San Jose | K463: California | L463: 95123 | M463: West | N463: =_xlfn.XLOOKUP($M:$M,People!$B:$B,People!A:A) -> Sadie Pawthorne | O463: FUR-CH-10002320 | P463: =VLOOKUP(O463,Products!$A:$E,3,FALSE) -> Canon | Q463: =INDEX(Products!$E:$E,MATCH(O463,Products!$A:$A,0)) -> 0.34 | R463: Furniture | S463: Chairs | T463: Hon Pagoda Stacking Chairs | U463: 256.784 | V463: 1 | W463: 0.2 | X463: 32.098
A464: 463 | B464: US-2023-114181 | C464: 45056 | D464: 45060 | E464: Second Class | F464: AF-10885 | G464: Art Foster | H464: Consumer | I464: United States | J464: Philadelphia | K464: Pennsylvania | L464: 19134 | M464: East | N464: =_xlfn.XLOOKUP($M:$M,People!$B:$B,People!A:A) -> Chuck Magee | O464: OFF-AR-10000716 | P464: =VLOOKUP(O464,Products!$A:$E,3,FALSE) -> Logitech | Q464: =INDEX(Products!$E:$E,MATCH(O464,Products!$A:$A,0)) -> 0.35 | R464: Office Supplies | S464: Art | T464: DIXON Ticonderoga Erasable Checking Pencils | U464: 22.32 | V464: 5 | W464: 0.2 | X464: 5.301
A465: 464 | B465: US-2023-159709 | C465: 45056 | D465: 45061 | E465: Standard Class | F465: AI-10855 | G465: Arianne Irving | H465: Consumer | I465: United States | J465: Kent | K465: Washington | L465: 98031 | M465: West | N465: =_xlfn.XLOOKUP($M:$M,People!$B:$B,People!A:A) -> Sadie Pawthorne | O465: OFF-EN-10001434 | P465: =VLOOKUP(O465,Products!$A:$E,3,FALSE) -> 3M | Q465: =INDEX(Products!$E:$E,MATCH(O465,Products!$A:$A,0)) -> 0.36 | R465: Office Supplies | S465: Envelopes | T465: Strathmore #10 Envelopes, Ultimate White | U465: 158.13 | V465: 3 | W465: 0 | X465: 77.4837
A466: 465 | B466: US-2023-103310 | C466: 45056 | D466: 45061 | E466: Standard Class | F466: GM-14680 | G466: Greg Matthias | H466: Consumer | I466: United States | J466: San Jose | K466: California | L466: 95123 | M466: West | N466: =_xlfn.XLOOKUP($M:$M,People!$B:$B,People!A:A) -> Sadie Pawthorne | O466: OFF-PA-10004353 | P466: =VLOOKUP(O466,Products!$A:$E,3,FALSE) -> Avery | Q466: =INDEX(Products!$E:$E,MATCH(O466,Products!$A:$A,0)) -> 0.37 | R466: Office Supplies | S466: Paper | T466: Southworth 25% Cotton Premium Laser Paper and Envelopes | U466: 39.96 | V466: 2 | W466: 0 | X466: 19.1808
... A502: 501 | B502: US-2023-130673 | C502: 45066 | D502: 45068 | E502: Second Class | F502: MC-17590 | G502: Matt Collister | H502: Corporate | I502: United States | J502: San Marcos | K502: Texas | L502: 78666 | M502: Central | N502: =_xlfn.XLOOKUP($M:$M,People!$B:$B,People!A:A) -> Roxanne Rodriguez | O502: TEC-AC-10004227 | P502: =VLOOKUP(O502,Products!$A:$E,3,FALSE) -> Office Depot | Q502: =INDEX(Products!$E:$E,MATCH(O502,Products!$A:$A,0)) -> 0.3 | R502: Technology | S502: Accessories | T502: SanDisk Ultra 16 GB MicroSDHC Class 10 Memory Card | U502: 20.784 | V502: 2 | W502: 0.2 | X502: -3.6372
A503: 502 | B503: CA-2023-166695 | C503: 45066 | D503: 45070 | E503: Standard Class | F503: CC-12430 | G503: Chuck Clark | H503: Home Office | I503: Canada | J503: Vancouver | K503: British Columbia | L503: V6Z | M503: West | N503: =_xlfn.XLOOKUP($M:$M,People!$B:$B,People!A:A) -> Sadie Pawthorne | O503: FUR-CH-10000225 | P503: =VLOOKUP(O503,Products!$A:$E,3,FALSE) -> Avery | Q503: =INDEX(Products!$E:$E,MATCH(O503,Products!$A:$A,0)) -> 0.35 | R503: Furniture | S503: Chairs | T503: Global Geo Office Task Chair, Gray | U503: 518.27 | V503: 8 | W503: 0.2 | X503: -97.18
A504: 503 | B504: CA-2023-166695 | C504: 45066 | D504: 45070 | E504: Standard Class | F504: CC-12430 | G504: Chuck Clark | H504: Home Office | I504: Canada | J504: Vancouver | K504: British Columbia | L504: V6Z | M504: West | N504: =_xlfn.XLOOKUP($M:$M,People!$B:$B,People!A:A) -> Sadie Pawthorne | O504: FUR-FU-10002191 | P504: =VLOOKUP(O504,Products!$A:$E,3,FALSE) -> 3M | Q504: =INDEX(Products!$E:$E,MATCH(O504,Products!$A:$A,0)) -> 0.34 | R504: Furniture | S504: Furnishings | T504: G.E. Halogen Desk Lamp Bulbs | U504: 6.98 | V504: 1 | W504: 0 | X504: 3.35
A505: 504 | B505: CA-2023-166695 | C505: 45066 | D505: 45070 | E505: Standard Class | F505: CC-12430 | G505: Chuck Clark | H505: Home Office | I505: Canada | J505: Vancouver | K505: British Columbia | L505: V6Z | M505: West | N505: =_xlfn.XLOOKUP($M:$M,People!$B:$B,People!A:A) -> Sadie Pawthorne | O505: TEC-MA-10003176 | P505: =VLOOKUP(O505,Products!$A:$E,3,FALSE) -> HP | Q505: =INDEX(Products!$E:$E,MATCH(O505,Products!$A:$A,0)) -> 0.31 | R505: Technology | S505: Machines | T505: Okidata B400 Printer | U505: 343.2 | V505: 1 | W505: 0.2 | X505: 38.61
A506: 505 | B506: US-2023-127166 | C506: 45067 | D506: 45069 | E506: Second Class | F506: KH-16360 | G506: Katherine Hughes | H506: Consumer | I506: United States | J506: Houston | K506: Texas | L506: 77070 | M506: Central | N506: =_xlfn.XLOOKUP($M:$M,People!$B:$B,People!A:A) -> Roxanne Rodriguez | O506: FUR-CH-10003396 | P506: =VLOOKUP(O506,Products!$A:$E,3,FALSE) -> Canon | Q506: =INDEX(Products!$E:$E,MATCH(O506,Products!$A:$A,0)) -> 0.32 | R506: Furniture | S506: Chairs | T506: Global Deluxe Steno Chair | U506: 107.772 | V506: 2 | W506: 0.3 | X506: -29.2524
A507: 506 | B507: US-2023-152443 | C507: 45067 | D507: 45072 | E507: Standard Class | F507: FG-14260 | G507: Frank Gastineau | H507: Home Office | I507: United States | J507: Lawrence | K507: Massachusetts | L507: 1841 | M507: East | N507: =_xlfn.XLOOKUP($M:$M,People!$B:$B,People!A:A) -> Chuck Magee | O507: OFF-AP-10001293 | P507: =VLOOKUP(O507,Products!$A:$E,3,FALSE) -> IKEA | Q507: =INDEX(Products!$E:$E,MATCH(O507,Products!$A:$A,0)) -> 0.36 | R507: Office Supplies | S507: Appliances | T507: Belkin 8 Outlet Surge Protector | U507: 245.88 | V507: 6 | W507: 0 | X507: 68.8464
A508: 507 | B508: US-2023-104780 | C508: 45067 | D508: 45071 | E508: Standard Class | F508: BT-11530 | G508: Bradley Talbott | H508: Home Office | I508: United States | J508: San Diego | K508: California | L508: 92037 | M508: West | N508: =_xlfn.XLOOKUP($M:$M,People!$B:$B,People!A:A) -> Sadie Pawthorne | O508: OFF-AR-10003514 | P508: =VLOOKUP(O508,Products!$A:$E,3,FALSE) -> Canon | Q508: =INDEX(Products!$E:$E,MATCH(O508,Products!$A:$A,0)) -> 0.32 | R508: Office Supplies | S508: Art | T508: 4009 Highlighters by Sanford | U508: 31.84 | V508: 8 | W508: 0 | X508: 10.5072
A509: 508 | B509: US-2023-127166 | C509: 45067 | D509: 45069 | E509: Second Class | F509: KH-16360 | G509: Katherine Hughes | H509: Consumer | I509: United States | J509: Houston | K509: Texas | L509: 77070 | M509: Central | N509: =_xlfn.XLOOKUP($M:$M,People!$B:$B,People!A:A) -> Roxanne Rodriguez | O509: OFF-BI-10000977 | P509: =VLOOKUP(O509,Products!$A:$E,3,FALSE) -> Logitech | Q509: =INDEX(Products!$E:$E,MATCH(O509,Products!$A:$A,0)) -> 0.33 | R509: Office Supplies | S509: Binders | T509: Ibico Plastic Spiral Binding Combs | U509: 18.24 | V509: 3 | W509: 0.8 | X509: -31.008
A510: 509 | B510: US-2023-152443 | C510: 45067 | D510: 45072 | E510: Standard Class | F510: FG-14260 | G510: Frank Gastineau | H510: Home Office | I510: United States | J510: Lawrence | K510: Massachusetts | L510: 1841 | M510: East | N510: =_xlfn.XLOOKUP($M:$M,People!$B:$B,People!A:A) -> Chuck Magee | O510: OFF-BI-10001071 | P510: =VLOOKUP(O510,Products!$A:$E,3,FALSE) -> 3M | Q510: =INDEX(Products!$E:$E,MATCH(O510,Products!$A:$A,0)) -> 0.34 | R510: Office Supplies | S510: Binders | T510: GBC ProClick Punch Binding System | U510: 447.86 | V510: 7 | W510: 0 | X510: 219.4514
A511: 510 | B511: US-2023-117639 | C511: 45067 | D511: 45071 | E511: Standard Class | F511: MW-18235 | G511: Mitch Willingham | H511: Corporate | I511: United States | J511: Virginia Beach | K511: Virginia | L511: 23464 | M511: South | N511: =_xlfn.XLOOKUP($M:$M,People!$B:$B,People!A:A) -> Fred Suzuki | O511: OFF-BI-10003925 | P511: =VLOOKUP(O511,Products!$A:$E,3,FALSE) -> Avery | Q511: =INDEX(Products!$E:$E,MATCH(O511,Products!$A:$A,0)) -> 0.35 | R511: Office Supplies | S511: Binders | T511: Fellowes PB300 Plastic Comb Binding Machine | U511: 2715.93 | V511: 7 | W511: 0 | X511: 1276.4871
A512: 511 | B512: US-2023-127166 | C512: 45067 | D512: 45069 | E512: Second Class | F512: KH-16360 | G512: Katherine Hughes | H512: Consumer | I512: United States | J512: Houston | K512: Texas | L512: 77070 | M512: Central | N512: =_xlfn.XLOOKUP($M:$M,People!$B:$B,People!A:A) -> Roxanne Rodriguez | O512: OFF-EN-10003134 | P512: =VLOOKUP(O512,Products!$A:$E,3,FALSE) -> IKEA | Q512: =INDEX(Products!$E:$E,MATCH(O512,Products!$A:$A,0)) -> 0.36 | R512: Office Supplies | S512: Envelopes | T512: Staple envelope | U512: 56.064 | V512: 6 | W512: 0.2 | X512: 21.024
A513: 512 | B513: US-2023-127166 | C513: 45067 | D513: 45069 | E513: Second Class | F513: KH-16360 | G513: Katherine Hughes | H513: Consumer | I513: United States | J513: Houston | K513: Texas | L513: 77070 | M513: Central | N513: =_xlfn.XLOOKUP($M:$M,People!$B:$B,People!A:A) -> Roxanne Rodriguez | O513: OFF-PA-10001560 | P513: =VLOOKUP(O513,Products!$A:$E,3,FALSE) -> Samsung | Q513: =INDEX(Products!$E:$E,MATCH(O513,Products!$A:$A,0)) -> 0.37 | R513: Office Supplies | S513: Paper | T513: Adams Telephone Message Books, 5 1/4” x 11” | U513: 4.832 | V513: 1 | W513: 0.2 | X513: 1.6308
A514: 513 | B514: US-2023-152443 | C514: 45067 | D514: 45072 | E514: Standard Class | F514: FG-14260 | G514: Frank Gastineau | H514: Home Office | I514: United States | J514: Lawrence | K514: Massachusetts | L514: 1841 | M514: East | N514: =_xlfn.XLOOKUP($M:$M,People!$B:$B,People!A:A) -> Chuck Magee | O514: OFF-PA-10003022 | P514: =VLOOKUP(O514,Products!$A:$E,3,FALSE) -> Dell | Q514: =INDEX(Products!$E:$E,MATCH(O514,Products!$A:$A,0)) -> 0.38 | R514: Office Supplies | S514: Paper | T514: Xerox 1992 | U514: 17.94 | V514: 3 | W514: 0 | X514: 8.7906
A515: 514 | B515: US-2023-117639 | C515: 45067 | D515: 45071 | E515: Standard Class | F515: MW-18235 | G515: Mitch Willingham | H515: Corporate | I515: United States | J515: Virginia Beach | K515: Virginia | L515: 23464 | M515: South | N515: =_xlfn.XLOOKUP($M:$M,People!$B:$B,People!A:A) -> Fred Suzuki | O515: TEC-PH-10001530 | P515: =VLOOKUP(O515,Products!$A:$E,3,FALSE) -> Staples | Q515: =INDEX(Products!$E:$E,MATCH(O515,Products!$A:$A,0)) -> 0.39 | R515: Technology | S515: Phones | T515: Plantronics Voyager Pro Legend | U515: 617.97 | V515: 3 | W515: 0 | X515: 173.0316
A516: 515 | B516: CA-2023-152443 | C516: 45067 | D516: 45072 | E516: Standard Class | F516: FG-14260 | G516: Frank Gastineau | H516: Home Office | I516: Canada | J516: Montreal | K516: Quebec | L516: H1A | M516: East | N516: =_xlfn.XLOOKUP($M:$M,People!$B:$B,People!A:A) -> Chuck Magee | O516: OFF-AP-10001293 | P516: =VLOOKUP(O516,Products!$A:$E,3,FALSE) -> IKEA | Q516: =INDEX(Products!$E:$E,MATCH(O516,Products!$A:$A,0)) -> 0.36 | R516: Office Supplies | S516: Appliances | T516: Belkin 8 Outlet Surge Protector | U516: 245.88 | V516: 6 | W516: 0 | X516: 68.8464
A517: 516 | B517: CA-2023-152443 | C517: 45067 | D517: 45072 | E517: Standard Class | F517: FG-14260 | G517: Frank Gastineau | H517: Home Office | I517: Canada | J517: Montreal | K517: Quebec | L517: H1A | M517: East | N517: =_xlfn.XLOOKUP($M:$M,People!$B:$B,People!A:A) -> Chuck Magee | O517: OFF-BI-10001071 | P517: =VLOOKUP(O517,Products!$A:$E,3,FALSE) -> 3M | Q517: =INDEX(Products!$E:$E,MATCH(O517,Products!$A:$A,0)) -> 0.34 | R517: Office Supplies | S517: Binders | T517: GBC ProClick Punch Binding System | U517: 447.86 | V517: 7 | W517: 0 | X517: 219.4514
A518: 517 | B518: CA-2023-152443 | C518: 45067 | D518: 45072 | E518: Standard Class | F518: FG-14260 | G518: Frank Gastineau | H518: Home Office | I518: Canada | J518: Montreal | K518: Quebec | L518: H1A | M518: East | N518: =_xlfn.XLOOKUP($M:$M,People!$B:$B,People!A:A) -> Chuck Magee | O518: OFF-PA-10003022 | P518: =VLOOKUP(O518,Products!$A:$E,3,FALSE) -> Dell | Q518: =INDEX(Products!$E:$E,MATCH(O518,Products!$A:$A,0)) -> 0.38 | R518: Office Supplies | S518: Paper | T518: Xerox 1992 | U518: 17.94 | V518: 3 | W518: 0 | X518: 8.7906
A519: 518 | B519: US-2023-143840 | C519: 45068 | D519: 45075 | E519: Standard Class | F519: EH-14185 | G519: Evan Henry | H519: Consumer | I519: United States | J519: Decatur | K519: Alabama | L519: 35601 | M519: South | N519: =_xlfn.XLOOKUP($M:$M,People!$B:$B,People!A:A) -> Fred Suzuki | O519: TEC-PH-10002660 | P519: =VLOOKUP(O519,Products!$A:$E,3,FALSE) -> Office Depot | Q519: =INDEX(Products!$E:$E,MATCH(O519,Products!$A:$A,0)) -> 0.4 | R519: Technology | S519: Phones | T519: Nortel Networks T7316 E Nt8 B27 | U519: 135.98 | V519: 2 | W519: 0 | X519: 33.995
A520: 519 | B520: US-2023-143840 | C520: 45068 | D520: 45075 | E520: Standard Class | F520: EH-14185 | G520: Evan Henry | H520: Consumer | I520: United States | J520: Decatur | K520: Alabama | L520: 35601 | M520: South | N520: =_xlfn.XLOOKUP($M:$M,People!$B:$B,People!A:A) -> Fred Suzuki | O520: TEC-PH-10003171 | P520: =VLOOKUP(O520,Products!$A:$E,3,FALSE) -> HP | Q520: =INDEX(Products!$E:$E,MATCH(O520,Products!$A:$A,0)) -> 0.25 | R520: Technology | S520: Phones | T520: Plantronics Encore H101 Dual Earpieces Headset | U520: 44.95 | V520: 1 | W520: 0 | X520: 12.586
A521: 520 | B521: US-2023-135881 | C521: 45069 | D521: 45073 | E521: Standard Class | F521: GT-14710 | G521: Greg Tran | H521: Consumer | I521: United States | J521: New York City | K521: New York | L521: 10035 | M521: East | N521: =_xlfn.XLOOKUP($M:$M,People!$B:$B,People!A:A) -> Chuck Magee | O521: OFF-AP-10002118 | P521: =VLOOKUP(O521,Products!$A:$E,3,FALSE) -> Canon | Q521: =INDEX(Products!$E:$E,MATCH(O521,Products!$A:$A,0)) -> 0.26 | R521: Office Supplies | S521: Appliances | T521: 1.7 Cubic Foot Compact "Cube" Office Refrigerators | U521: 208.16 | V521: 1 | W521: 0 | X521: 56.2032
A522: 521 | B522: US-2023-105767 | C522: 45069 | D522: 45073 | E522: Standard Class | F522: AR-10510 | G522: Andrew Roberts | H522: Consumer | I522: United States | J522: Philadelphia | K522: Pennsylvania | L522: 19134 | M522: East | N522: =_xlfn.XLOOKUP($M:$M,People!$B:$B,People!A:A) -> Chuck Magee | O522: OFF-AR-10001246 | P522: =VLOOKUP(O522,Products!$A:$E,3,FALSE) -> Logitech | Q522: =INDEX(Products!$E:$E,MATCH(O522,Products!$A:$A,0)) -> 0.27 | R522: Office Supplies | S522: Art | T522: Newell 317 | U522: 21.168 | V522: 9 | W522: 0.2 | X522: 2.3814
A523: 522 | B523: US-2023-135881 | C523: 45069 | D523: 45073 | E523: Standard Class | F523: GT-14710 | G523: Greg Tran | H523: Consumer | I523: United States | J523: New York City | K523: New York | L523: 10035 | M523: East | N523: =_xlfn.XLOOKUP($M:$M,People!$B:$B,People!A:A) -> Chuck Magee | O523: OFF-BI-10000829 | P523: =VLOOKUP(O523,Products!$A:$E,3,FALSE) -> 3M | Q523: =INDEX(Products!$E:$E,MATCH(O523,Products!$A:$A,0)) -> 0.28 | R523: Office Supplies | S523: Binders | T523: Avery Non-Stick Binders | U523: 17.96 | V523: 5 | W523: 0.2 | X523: 5.837
A524: 523 | B524: US-2023-105767 | C524: 45069 | D524: 45073 | E524: Standard Class | F524: AR-10510 | G524: Andrew Roberts | H524: Consumer | I524: United States | J524: Philadelphia | K524: Pennsylvania | L524: 19134 | M524: East | N524: =_xlfn.XLOOKUP($M:$M,People!$B:$B,People!A:A) -> Chuck Magee | O524: OFF-BI-10000848 | P524: =VLOOKUP(O524,Products!$A:$E,3,FALSE) -> Avery | Q524: =INDEX(Products!$E:$E,MATCH(O524,Products!$A:$A,0)) -> 0.29 | R524: Office Supplies | S524: Binders | T524: Angle-D Ring Binders | U524: 3.282 | V524: 2 | W524: 0.7 | X524: -2.6256
A525: 524 | B525: US-2023-138513 | C525: 45069 | D525: 45073 | E525: Standard Class | F525: EH-13990 | G525: Erica Hackney | H525: Consumer | I525: United States | J525: Bellevue | K525: Washington | L525: 98006 | M525: West | N525: =_xlfn.XLOOKUP($M:$M,People!$B:$B,People!A:A) -> Sadie Pawthorne | O525: OFF-PA-10003177 | P525: =VLOOKUP(O525,Products!$A:$E,3,FALSE) -> IKEA | Q525: =INDEX(Products!$E:$E,MATCH(O525,Products!$A:$A,0)) -> 0.3 | R525: Office Supplies | S525: Paper | T525: Xerox 1999 | U525: 12.96 | V525: 2 | W525: 0 | X525: 6.2208
A526: 525 | B526: US-2023-135881 | C526: 45069 | D526: 45073 | E526: Standard Class | F526: GT-14710 | G526: Greg Tran | H526: Consumer | I526: United States | J526: New York City | K526: New York | L526: 10035 | M526: East | N526: =_xlfn.XLOOKUP($M:$M,People!$B:$B,People!A:A) -> Chuck Magee | O526: OFF-SU-10003002 | P526: =VLOOKUP(O526,Products!$A:$E,3,FALSE) -> Samsung | Q526: =INDEX(Products!$E:$E,MATCH(O526,Products!$A:$A,0)) -> 0.31 | R526: Office Supplies | S526: Supplies | T526: Letter Slitter | U526: 5.04 | V526: 2 | W526: 0 | X526: 0.1512
A527: 526 | B527: US-2023-105767 | C527: 45069 | D527: 45073 | E527: Standard Class | F527: AR-10510 | G527: Andrew Roberts | H527: Consumer | I527: United States | J527: Philadelphia | K527: Pennsylvania | L527: 19134 | M527: East | N527: =_xlfn.XLOOKUP($M:$M,People!$B:$B,People!A:A) -> Chuck Magee | O527: TEC-PH-10003092 | P527: =VLOOKUP(O527,Products!$A:$E,3,FALSE) -> Dell | Q527: =INDEX(Products!$E:$E,MATCH(O527,Products!$A:$A,0)) -> 0.32 | R527: Technology | S527: Phones | T527: Motorola L804 | U527: 55.188 | V527: 2 | W527: 0.4 | X527: -10.1178
A528: 527 | B528: US-2023-143413 | C528: 45070 | D528: 45076 | E528: Standard Class | F528: RP-19390 | G528: Resi Pölking | H528: Consumer | I528: United States | J528: Baltimore | K528: Maryland | L528: 21215 | M528: East | N528: =_xlfn.XLOOKUP($M:$M,People!$B:$B,People!A:A) -> Chuck Magee | O528: OFF-PA-10002319 | P528: =VLOOKUP(O528,Products!$A:$E,3,FALSE) -> Staples | Q528: =INDEX(Products!$E:$E,MATCH(O528,Products!$A:$A,0)) -> 0.33 | R528: Office Supplies | S528: Paper | T528: Xerox 1944 | U528: 116.28 | V528: 3 | W528: 0 | X528: 56.9772
A529: 528 | B529: US-2023-130379 | C529: 45071 | D529: 45075 | E529: Standard Class | F529: JL-15235 | G529: Janet Lee | H529: Consumer | I529: United States | J529: Chicago | K529: Illinois | L529: 60623 | M529: Central | N529: =_xlfn.XLOOKUP($M:$M,People!$B:$B,People!A:A) -> Roxanne Rodriguez | O529: FUR-FU-10002553 | P529: =VLOOKUP(O529,Products!$A:$E,3,FALSE) -> Office Depot | Q529: =INDEX(Products!$E:$E,MATCH(O529,Products!$A:$A,0)) -> 0.34 | R529: Furniture | S529: Furnishings | T529: Electrix Incandescent Magnifying Lamp, Black | U529: 29.32 | V529: 2 | W529: 0.6 | X529: -24.189
A530: 529 | B530: US-2023-130379 | C530: 45071 | D530: 45075 | E530: Standard Class | F530: JL-15235 | G530: Janet Lee | H530: Consumer | I530: United States | J530: Chicago | K530: Illinois | L530: 60623 | M530: Central | N530: =_xlfn.XLOOKUP($M:$M,People!$B:$B,People!A:A) -> Roxanne Rodriguez | O530: OFF-AP-10001394 | P530: =VLOOKUP(O530,Products!$A:$E,3,FALSE) -> HP | Q530: =INDEX(Products!$E:$E,MATCH(O530,Products!$A:$A,0)) -> 0.35 | R530: Office Supplies | S530: Appliances | T530: Harmony Air Purifier | U530: 75.6 | V530: 2 | W530: 0.8 | X530: -166.32
... A631: 630 | B631: US-2023-123855 | C631: 45095 | D631: 45100 | E631: Standard Class | F631: MC-18100 | G631: Mick Crebagga | H631: Consumer | I631: United States | J631: Los Angeles | K631: California | L631: 90036 | M631: West | N631: =_xlfn.XLOOKUP($M:$M,People!$B:$B,People!A:A) -> Sadie Pawthorne | O631: TEC-PH-10000215 | P631: =VLOOKUP(O631,Products!$A:$E,3,FALSE) -> Staples | Q631: =INDEX(Products!$E:$E,MATCH(O631,Products!$A:$A,0)) -> 0.33 | R631: Technology | S631: Phones | T631: Plantronics Cordless Phone Headset with In-line Volume - M214C | U631: 139.8 | V631: 5 | W631: 0.2 | X631: 12.2325
A632: 631 | B632: CA-2023-184712 | C632: 45095 | D632: 45097 | E632: Second Class | F632: NC-19470 | G632: Neil Cohen | H632: Home Office | I632: Canada | J632: Halifax | K632: Nova Scotia | L632: B3H | M632: East | N632: =_xlfn.XLOOKUP($M:$M,People!$B:$B,People!A:A) -> Chuck Magee | O632: OFF-PA-10000167 | P632: =VLOOKUP(O632,Products!$A:$E,3,FALSE) -> Office Depot | Q632: =INDEX(Products!$E:$E,MATCH(O632,Products!$A:$A,0)) -> 0.34 | R632: Office Supplies | S632: Paper | T632: Xerox 1925 | U632: 74.352 | V632: 3 | W632: 0.2 | X632: 23.235
A633: 632 | B633: US-2023-166863 | C633: 45097 | D633: 45101 | E633: Standard Class | F633: SC-20020 | G633: Sam Craven | H633: Consumer | I633: United States | J633: Plano | K633: Texas | L633: 75023 | M633: Central | N633: =_xlfn.XLOOKUP($M:$M,People!$B:$B,People!A:A) -> Roxanne Rodriguez | O633: FUR-BO-10001608 | P633: =VLOOKUP(O633,Products!$A:$E,3,FALSE) -> HP | Q633: =INDEX(Products!$E:$E,MATCH(O633,Products!$A:$A,0)) -> 0.35 | R633: Furniture | S633: Bookcases | T633: Hon Metal Bookcases, Black | U633: 193.0656 | V633: 4 | W633: 0.32 | X633: -19.8744
A634: 633 | B634: US-2023-112949 | C634: 45097 | D634: 45104 | E634: Standard Class | F634: Co-12640 | G634: Corey-Lock | H634: Consumer | I634: United States | J634: Lawton | K634: Oklahoma | L634: 73505 | M634: Central | N634: =_xlfn.XLOOKUP($M:$M,People!$B:$B,People!A:A) -> Roxanne Rodriguez | O634: OFF-AP-10001005 | P634: =VLOOKUP(O634,Products!$A:$E,3,FALSE) -> Samsung | Q634: =INDEX(Products!$E:$E,MATCH(O634,Products!$A:$A,0)) -> 0.35 | R634: Office Supplies | S634: Appliances | T634: Honeywell Quietcare HEPA Air Cleaner | U634: 471.9 | V634: 6 | W634: 0 | X634: 155.727
A635: 634 | B635: US-2023-112949 | C635: 45097 | D635: 45104 | E635: Standard Class | F635: Co-12640 | G635: Corey-Lock | H635: Consumer | I635: United States | J635: Lawton | K635: Oklahoma | L635: 73505 | M635: Central | N635: =_xlfn.XLOOKUP($M:$M,People!$B:$B,People!A:A) -> Roxanne Rodriguez | O635: OFF-AR-10003469 | P635: =VLOOKUP(O635,Products!$A:$E,3,FALSE) -> Canon | Q635: =INDEX(Products!$E:$E,MATCH(O635,Products!$A:$A,0)) -> 0.36 | R635: Office Supplies | S635: Art | T635: Nontoxic Chalk | U635: 3.52 | V635: 2 | W635: 0 | X635: 1.6896
A636: 635 | B636: US-2023-166863 | C636: 45097 | D636: 45101 | E636: Standard Class | F636: SC-20020 | G636: Sam Craven | H636: Consumer | I636: United States | J636: Plano | K636: Texas | L636: 75023 | M636: Central | N636: =_xlfn.XLOOKUP($M:$M,People!$B:$B,People!A:A) -> Roxanne Rodriguez | O636: OFF-BI-10000756 | P636: =VLOOKUP(O636,Products!$A:$E,3,FALSE) -> Logitech | Q636: =INDEX(Products!$E:$E,MATCH(O636,Products!$A:$A,0)) -> 0.37 | R636: Office Supplies | S636: Binders | T636: Storex DuraTech Recycled Plastic Frosted Binders | U636: 3.392 | V636: 4 | W636: 0.8 | X636: -5.088
A637: 636 | B637: US-2023-166863 | C637: 45097 | D637: 45101 | E637: Standard Class | F637: SC-20020 | G637: Sam Craven | H637: Consumer | I637: United States | J637: Plano | K637: Texas | L637: 75023 | M637: Central | N637: =_xlfn.XLOOKUP($M:$M,People!$B:$B,People!A:A) -> Roxanne Rodriguez | O637: OFF-PA-10000587 | P637: =VLOOKUP(O637,Products!$A:$E,3,FALSE) -> Canon | Q637: =INDEX(Products!$E:$E,MATCH(O637,Products!$A:$A,0)) -> 0.3 | R637: Office Supplies | S637: Paper | T637: Array Parchment Paper, Assorted Colors | U637: 11.648 | V637: 2 | W637: 0.2 | X637: 4.0768
A638: 637 | B638: US-2023-166863 | C638: 45097 | D638: 45101 | E638: Standard Class | F638: SC-20020 | G638: Sam Craven | H638: Consumer | I638: United States | J638: Plano | K638: Texas | L638: 75023 | M638: Central | N638: =_xlfn.XLOOKUP($M:$M,People!$B:$B,People!A:A) -> Roxanne Rodriguez | O638: OFF-PA-10001166 | P638: =VLOOKUP(O638,Products!$A:$E,3,FALSE) -> 3M | Q638: =INDEX(Products!$E:$E,MATCH(O638,Products!$A:$A,0)) -> 0.38 | R638: Office Supplies | S638: Paper | T638: Xerox 2 | U638: 15.552 | V638: 3 | W638: 0.2 | X638: 5.4432
...

Sheet Hesablanan Sahələr(IF,IFS və s)
A1: Sumifs | B1: Countifs | C1: IF | D1: Nested If | E1: IFS
A2: =SUMIFS(Orders!U:U,Orders!J:J,Orders!J2,Orders!T:T,Orders!T13) -> 25.92 | B2: =COUNTIFS(Orders!K:K,Orders!K16) -> 985 | C2: =IF(Orders!U2>500,"Yüksək Satış","Aşağı Satış") -> Aşağı Satış | D2: =IF(Orders!U2>500,IF(Orders!E2="First Class",IF(Orders!W2=0,"VIP","Special"),"Formal"),"Normal") -> Normal | E2: {=_xlfn.IFS(Orders!W2=0,"Endirim Yoxdur",SUMIFS(Orders!$V:$V,Orders!$T:$T,Orders!T2)>10,ROUND(Orders!W2*1.15,2),SUMIFS(Orders!$V:$V,Orders!$T:$T,Orders!T2)<=10,"Endirim Yoxdur")} -> 0.23
C3: =IF(Orders!U3>500,"Yüksək Satış","Aşağı Satış") -> Aşağı Satış | D3: =IF(Orders!U3>500,IF(Orders!E3="First Class",IF(Orders!W3=0,"VIP","Special"),"Formal"),"Normal") -> Normal | E3: {=_xlfn.IFS(Orders!W3=0,"Endirim Yoxdur",SUMIFS(Orders!$V:$V,Orders!$T:$T,Orders!T3)>10,ROUND(Orders!W3*1.15,2),SUMIFS(Orders!$V:$V,Orders!$T:$T,Orders!T3)<=10,"Endirim Yoxdur")} -> 0.92
C4: =IF(Orders!U4>500,"Yüksək Satış","Aşağı Satış") -> Aşağı Satış | D4: =IF(Orders!U4>500,IF(Orders!E4="First Class",IF(Orders!W4=0,"VIP","Special"),"Formal"),"Normal") -> Normal | E4: {=_xlfn.IFS(Orders!W4=0,"Endirim Yoxdur",SUMIFS(Orders!$V:$V,Orders!$T:$T,Orders!T4)>10,ROUND(Orders!W4*1.15,2),SUMIFS(Orders!$V:$V,Orders!$T:$T,Orders!T4)<=10,"Endirim Yoxdur")} -> 0.23
C5: =IF(Orders!U5>500,"Yüksək Satış","Aşağı Satış") -> Aşağı Satış | D5: =IF(Orders!U5>500,IF(Orders!E5="First Class",IF(Orders!W5=0,"VIP","Special"),"Formal"),"Normal") -> Normal | E5: {=_xlfn.IFS(Orders!W5=0,"Endirim Yoxdur",SUMIFS(Orders!$V:$V,Orders!$T:$T,Orders!T5)>10,ROUND(Orders!W5*1.15,2),SUMIFS(Orders!$V:$V,Orders!$T:$T,Orders!T5)<=10,"Endirim Yoxdur")} -> 0.23
C6: =IF(Orders!U6>500,"Yüksək Satış","Aşağı Satış") -> Aşağı Satış | D6: =IF(Orders!U6>500,IF(Orders!E6="First Class",IF(Orders!W6=0,"VIP","Special"),"Formal"),"Normal") -> Normal | E6: {=_xlfn.IFS(Orders!W6=0,"Endirim Yoxdur",SUMIFS(Orders!$V:$V,Orders!$T:$T,Orders!T6)>10,ROUND(Orders!W6*1.15,2),SUMIFS(Orders!$V:$V,Orders!$T:$T,Orders!T6)<=10,"Endirim Yoxdur")} -> 0.23
C7: =IF(Orders!U7>500,"Yüksək Satış","Aşağı Satış") -> Yüksək Satış | D7: =IF(Orders!U7>500,IF(Orders!E7="First Class",IF(Orders!W7=0,"VIP","Special"),"Formal"),"Normal") -> Formal | E7: {=_xlfn.IFS(Orders!W7=0,"Endirim Yoxdur",SUMIFS(Orders!$V:$V,Orders!$T:$T,Orders!T7)>10,ROUND(Orders!W7*1.15,2),SUMIFS(Orders!$V:$V,Orders!$T:$T,Orders!T7)<=10,"Endirim Yoxdur")} -> Endirim Yoxdur
C8: =IF(Orders!U8>500,"Yüksək Satış","Aşağı Satış") -> Aşağı Satış | D8: =IF(Orders!U8>500,IF(Orders!E8="First Class",IF(Orders!W8=0,"VIP","Special"),"Formal"),"Normal") -> Normal | E8: {=_xlfn.IFS(Orders!W8=0,"Endirim Yoxdur",SUMIFS(Orders!$V:$V,Orders!$T:$T,Orders!T8)>10,ROUND(Orders!W8*1.15,2),SUMIFS(Orders!$V:$V,Orders!$T:$T,Orders!T8)<=10,"Endirim Yoxdur")} -> Endirim Yoxdur
C9: =IF(Orders!U9>500,"Yüksək Satış","Aşağı Satış") -> Aşağı Satış | D9: =IF(Orders!U9>500,IF(Orders!E9="First Class",IF(Orders!W9=0,"VIP","Special"),"Formal"),"Normal") -> Normal | E9: {=_xlfn.IFS(Orders!W9=0,"Endirim Yoxdur",SUMIFS(Orders!$V:$V,Orders!$T:$T,Orders!T9)>10,ROUND(Orders!W9*1.15,2),SUMIFS(Orders!$V:$V,Orders!$T:$T,Orders!T9)<=10,"Endirim Yoxdur")} -> Endirim Yoxdur
C10: =IF(Orders!U10>500,"Yüksək Satış","Aşağı Satış") -> Yüksək Satış | D10: =IF(Orders!U10>500,IF(Orders!E10="First Class",IF(Orders!W10=0,"VIP","Special"),"Formal"),"Normal") -> Formal | E10: {=_xlfn.IFS(Orders!W10=0,"Endirim Yoxdur",SUMIFS(Orders!$V:$V,Orders!$T:$T,Orders!T10)>10,ROUND(Orders!W10*1.15,2),SUMIFS(Orders!$V:$V,Orders!$T:$T,Orders!T10)<=10,"Endirim Yoxdur")} -> Endirim Yoxdur
C11: =IF(Orders!U11>500,"Yüksək Satış","Aşağı Satış") -> Aşağı Satış | D11: =IF(Orders!U11>500,IF(Orders!E11="First Class",IF(Orders!W11=0,"VIP","Special"),"Formal"),"Normal") -> Normal | E11: {=_xlfn.IFS(Orders!W11=0,"Endirim Yoxdur",SUMIFS(Orders!$V:$V,Orders!$T:$T,Orders!T11)>10,ROUND(Orders!W11*1.15,2),SUMIFS(Orders!$V:$V,Orders!$T:$T,Orders!T11)<=10,"Endirim Yoxdur")} -> Endirim Yoxdur
C12: =IF(Orders!U12>500,"Yüksək Satış","Aşağı Satış") -> Aşağı Satış | D12: =IF(Orders!U12>500,IF(Orders!E12="First Class",IF(Orders!W12=0,"VIP","Special"),"Formal"),"Normal") -> Normal | E12: {=_xlfn.IFS(Orders!W12=0,"Endirim Yoxdur",SUMIFS(Orders!$V:$V,Orders!$T:$T,Orders!T12)>10,ROUND(Orders!W12*1.15,2),SUMIFS(Orders!$V:$V,Orders!$T:$T,Orders!T12)<=10,"Endirim Yoxdur")} -> Endirim Yoxdur
C13: =IF(Orders!U13>500,"Yüksək Satış","Aşağı Satış") -> Aşağı Satış | D13: =IF(Orders!U13>500,IF(Orders!E13="First Class",IF(Orders!W13=0,"VIP","Special"),"Formal"),"Normal") -> Normal | E13: {=_xlfn.IFS(Orders!W13=0,"Endirim Yoxdur",SUMIFS(Orders!$V:$V,Orders!$T:$T,Orders!T13)>10,ROUND(Orders!W13*1.15,2),SUMIFS(Orders!$V:$V,Orders!$T:$T,Orders!T13)<=10,"Endirim Yoxdur")} -> Endirim Yoxdur
C14: =IF(Orders!U14>500,"Yüksək Satış","Aşağı Satış") -> Yüksək Satış | D14: =IF(Orders!U14>500,IF(Orders!E14="First Class",IF(Orders!W14=0,"VIP","Special"),"Formal"),"Normal") -> Formal | E14: {=_xlfn.IFS(Orders!W14=0,"Endirim Yoxdur",SUMIFS(Orders!$V:$V,Orders!$T:$T,Orders!T14)>10,ROUND(Orders!W14*1.15,2),SUMIFS(Orders!$V:$V,Orders!$T:$T,Orders!T14)<=10,"Endirim Yoxdur")} -> Endirim Yoxdur
... C10203: =IF(Orders!U10203>500,"Yüksək Satış","Aşağı Satış") -> Aşağı Satış | D10203: =IF(Orders!U10203>500,IF(Orders!E10203="First Class",IF(Orders!W10203=0,"VIP","Special"),"Formal"),"Normal") -> Normal | E10203: {=_xlfn.IFS(Orders!W10203=0,"Endirim Yoxdur",SUMIFS(Orders!$V:$V,Orders!$T:$T,Orders!T10203)>10,ROUND(Orders!W10203*1.15,2),SUMIFS(Orders!$V:$V,Orders!$T:$T,Orders!T10203)<=10,"Endirim Yoxdur")} -> 0.23

Sheet People
A1: Regional Manager | B1: Region
A2: Sadie Pawthorne | B2: West
A3: Chuck Magee | B3: East
A4: Roxanne Rodriguez | B4: Central
A5: Fred Suzuki | B5: South

Sheet Products
A1: Product ID | B1: Product Name | C1: Supplier | D1: Unit Cost | E1: Target Margin
A2: OFF-PA-10000174 | B2: Message Book, Wirebound, Four 5 1/2" X 4" Forms/Pg., 200 Dupl. Sets/Book | C2: Staples | D2: 7.5 | E2: 0.25
A3: OFF-BI-10004094 | B3: GBC Standard Plastic Binding Systems Combs | C3: Office Depot | D3: 15 | E3: 0.26
A4: OFF-LA-10003223 | B4: Avery 508 | C4: HP | D4: 22.5 | E4: 0.27
A5: OFF-ST-10002743 | B5: SAFCO Boltless Steel Shelving | C5: Canon | D5: 30 | E5: 0.28
A6: OFF-AR-10003478 | B6: Avery Hi-Liter EverBold Pen Style Fluorescent Highlighters, 4/Pack | C6: Logitech | D6: 37.5 | E6: 0.29
A7: FUR-CH-10004063 | B7: Global Deluxe High-Back Manager's Chair | C7: 3M | D7: 45 | E7: 0.3
A8: OFF-AR-10001662 | B8: Rogers Handheld Barrel Pencil Sharpener | C8: Avery | D8: 52.5 | E8: 0.31
A9: OFF-AR-10002399 | B9: Dixon Prang Watercolor Pencils, 10-Color Set with Brush | C9: IKEA | D9: 60 | E9: 0.32
A10: OFF-BI-10004632 | B10: Ibico Hi-Tech Manual Binding System | C10: Samsung | D10: 67.5 | E10: 0.33
A11: OFF-FA-10001883 | B11: Alliance Super-Size Bands, Assorted Sizes | C11: Dell | D11: 75 | E11: 0.34
A12: OFF-PA-10000955 | B12: Southworth 25% Cotton Granite Paper & Envelopes | C12: Staples | D12: 82.5 | E12: 0.35
A13: OFF-PA-10002005 | B13: Xerox 225 | C13: Office Depot | D13: 90 | E13: 0.36
... A1863: FUR-BO-10002206 | B1863: Bush Saratoga Collection 5-Shelf Bookcase, Hanover Cherry, *Special Order | C1863: Office Depot | D1863: 15 | E1863: 0.3

Sheet Returns
A1: Order ID | B1: Returned
A2: US-2023-100762 | B2: Yes
A3: US-2023-100867 | B3: Yes
A4: US-2023-102652 | B4: Yes
A5: US-2023-103373 | B5: Yes
A6: US-2023-103744 | B6: Yes
A7: US-2023-103940 | B7: Yes
A8: US-2023-104829 | B8: Yes
A9: US-2023-105270 | B9: Yes
A10: US-2023-108609 | B10: Yes
A11: US-2023-108861 | B11: Yes
A12: US-2023-109918 | B12: Yes
... A297: US-2026-155999 | B297: Yes
